 Dungeon Crawl Stone Soup version 0.30-a0-883-g5ad918d77d (webtiles) character file.

Game seed: 6217417805756051366

5209 Ghostmaker01 the Thaumaturge (level 10, -2/65 HPs)
             Began as a Demonspawn Earth Elementalist on Mar 15, 2023.
             Was a Priest of Ru.
             Slain by a deep troll (25 damage)
             ... on level 8 of the Dungeon.
             The game lasted 00:28:01 (8071 turns).

Ghostmaker01 the Thaumaturge (DsEE)                 Turns: 8071, Time: 00:28:01

Health: -2/65      AC:  4    Str:  9    XL:     10   Next: 35%
Magic:  31/31      EV: 13    Int: 24    God:    Ru [***...]
Gold:   457        SH: 14    Dex: 19    Spells: 21/25 levels left

rFire   . . .      SeeInvis .    r - staff of earth
rCold   . . .      Faith    .    t - +3 buckler
rNeg    + . .      Spirit   .    m - +1 robe of the Catfish {rN+ Will+ Int+3}
rPois   .          Reflect  .    z - +1 hat
rElec   .          Rampage  .    (no cloak)
rCorr   .                        (no gloves)
Will    +....                    (boots unavailable)
Stlth   +++                      (no amulet)
HPRegen 0.30/turn                A - ring of magical power
MPRegen 0.22/turn                u - +6 ring of dexterity

@: about to teleport
A: hooves 3, large bone plates 2, spiny 2, hated by all, inability to train
armour
a: Renounce Religion, Draw Out Power


You were on level 8 of the Dungeon.
You worshipped Ru.
Ru was most pleased with you.
You visited 2 branches of the dungeon, and saw 9 of its levels.

You collected 457 gold pieces.

Inventory:

Hand Weapons
 i - a +0 dagger
 q - a +2 dagger of draining
Missiles
 s - 33 poisoned darts
Armour
 m - the +1 robe of the Catfish (worn) {rN+ Will+ Int+3}
   (You found it on level 2 of the Dungeon)

   Int:       It affects your intelligence (+3).
   rN:        It protects you from negative energy.
   Will:      It increases your willpower.
 t - a +3 buckler (worn)
 z - a +1 hat (worn)
Magical Staves
 h - a staff of poison
 r - a staff of earth (weapon)
 E - a staff of cold
Jewellery
 u - a +6 ring of dexterity (right hand)
 A - a ring of magical power (left hand)
 B - a +4 ring of slaying
Wands
 n - a wand of flame (12)
 F - a wand of mindburst (23)
 G - a wand of quicksilver (16)
 I - a wand of charming (7)
Scrolls
 c - a scroll of immolation
 d - a scroll of enchant armour
 e - a scroll of enchant weapon
 f - 2 scrolls of poison
 l - 2 scrolls of amnesia
 v - a scroll of fog
 y - 2 scrolls of vulnerability
Potions
 a - 2 potions of might
 b - 2 potions of magic
 g - 4 potions of curing
 j - 3 potions of brilliance
 k - 2 potions of lignification
 o - a potion of degeneration
 p - 3 potions of heal wounds
 w - 3 potions of flight
 C - a potion of mutation {unknown}
 D - 2 potions of invisibility {unknown}
 H - a potion of resistance
 K - a potion of attraction {unknown}


   Skills:
 - Level 1.1 Fighting
 * Level 5.1 Staves
 * Level 4.0 Dodging
 + Level 3.2 Stealth
 + Level 2.1 Shields
 * Level 8.1 Spellcasting
 + Level 3.0 Conjurations
 * Level 3.6 Transmutations
 * Level 7.5 Earth Magic
 * Level 3.2 Evocations


You had 21 spell levels left.
You knew the following spells:

 Your Spells              Type           Power      Damage    Failure   Level
a - Sandblast             Erth           100%       2d20      1%          1
b - Stone Arrow           Conj/Erth      100%       3d13      3%          3

Your spell library contained the following spells:

 Spells                   Type           Power      Damage    Failure   Level
 Passwall                 Tmut/Erth      44%        N/A       1%          2
 Petrify                  Tmut/Erth      53%        N/A       9%          4
 Ignite Poison            Fire/Tmut/Pois 15%        N/A       16%         3
 Gell's Gravitas          Tloc           9%         N/A       26%         3
 Inner Flame              Hex/Fire       9%         N/A       26%         3
 Kindle Blastsparks       Fire/Tloc/Air  18%        2d11      26%         3
 Teleport Other           Tloc           9%         N/A       26%         3
 Airstrike                Air            4%         2d(1-17)  63%         4
 Cause Fear               Hex            4%         N/A       63%         4
 Lightning Bolt           Conj/Air       8%         1d21      77%         5
 Freezing Cloud           Conj/Ice/Air   7%         6-21      83%         5
 Dispersal                Tloc           4%         N/A       100%        6
 Discord                  Hex            4%         N/A       100%        8
 Summon Lightning Spire   Summ/Air       Unusable   N/A       N/A         4

Dungeon Overview and Level Annotations

Branches:
Dungeon (8/15)             Temple (1/1) D:4
   Lair: D:8-11

Altars:
Ashenzari
Dithmenos
Gozag
Kikubaaqudgha
Makhleb
Nemelex Xobeh
Okawaru
Qazlal
Ru
Sif Muna
Trog
Uskayaw
Vehumet
Wu Jian
Xom

Shops:
D:4 *

Annotations:
D:4 Grinder


Innate Abilities, Weirdness & Mutations

You have hooves in place of feet.
You are mostly covered in large bone plates. (SH +6)
You are mostly covered in sharp spines.
You are hated by all.
You cannot train Armour skill.


Message History

Unknown command.
A deep troll comes into view.
The deep troll shouts!
Casting: Stone Arrow (dangerous; 3% risk of failure)
Confirm with . or Enter, or press ? or * to list all spells.
Aiming: Stone Arrow (dangerous; 3% risk of failure)
Press: ? - help, Shift-Dir - straight line, f - deep troll
Aim: a deep troll (78% to hit)
You feel a surge of power!
The stone arrow hits the deep troll!!
The deep troll is heavily wounded.
Casting: Stone Arrow (dangerous; 3% risk of failure)
Confirm with . or Enter, or press ? or * to list all spells.
Aiming: Stone Arrow (dangerous; 3% risk of failure)
Press: ? - help, Shift-Dir - straight line, f/p - deep troll
Aim: a deep troll (moderately wounded, 78% to hit)
You feel a surge of power!
The stone arrow hits the deep troll!!
The deep troll is severely wounded.
Blink to where?
Press: ? - help, Dir - move target, p - deep troll
As you read the scroll of blinking, it crumbles to dust.
There is an open door, spattered with blood here.
Items here: ))) [.
Things that are here:
a +0 dagger; an orc skeleton
Things that are here:
a +0 hand axe; a +0 leather armour; an orc skeleton
There is an open door here.
The deep troll attacks as you move away!
The deep troll bites you!!
You focus your inner power and illuminate the deep troll in retribution!
You block the deep troll's attack. The deep troll barely misses you.
The deep troll shouts!
As you read the scroll of teleportation, it crumbles to dust.
You feel strangely unstable. The deep troll bites you.
The deep troll closely misses you. You block the deep troll's attack.
The deep troll is stunned by your conviction and fails to attack.
The deep troll attacks as you move away!
The deep troll bites you!! You block the deep troll's attack. x2
The deep troll bites you!!
You die...

# #.####.# #.........# #.##...#
########)## ####.##.#.# ##.).##
# ..#......## ##.)...## #.#.
#.####.##)## ##.......##
.....##.####.#...####.........#
..............(.....'.........'
...###T##.....T.####.........#
#.#.....@T## ##.......##
#.###T##..###### ##.....##
#.....#####..... ##...##
###.###T## #...... ##'##
.........##....... #.#
###.####...T.T.... #.#
####....... ##.## #......
#####...####
#.$...##.)........#


You could see 2 deep trolls.

Vanquished Creatures
  Pikel (D:4)
  Joseph (D:8)
  2 trolls
  A basilisk (D:7)
  A vampire mosquito (D:7)
  Edmund (D:6)
  Menkaure (D:4)
  A water moccasin (D:5)
  2 ice beasts
  4 sky beasts
  An orc warrior (D:8)
  An ogre (D:5)
  A lemure (D:4)
  2 centaurs (D:7)
  A phantom (D:6)
  3 kobold brigands
  3 bullfrogs
  24 wights
  A killer bee (D:7)
  5 hounds
  3 orc priests (D:8)
  4 jellies
  2 iguanas
  2 sleepcaps
  5 orc wizards
  5 adders
  A shadow imp (D:5)
  2 white imps
  2 ufetubi (D:5)
  3 worms
  A dart slug (D:3)
  19 orcs
  5 ball pythons
  3 endoplasms
  3 giant cockroaches
  5 goblins
  A hobgoblin (D:1)
  6 jackals
  7 quokkas
  3 bats
  4 frilled lizards
  22 kobolds
  4 rats
  A spectral orc (D:4)
170 creatures vanquished.

Vanquished Creatures (others)
  A wizard (D:8)
1 creature vanquished.

Grand Total: 171 creatures vanquished

Notes
Turn   | Place    | Note
-------+----------+-------------------------------------------
     0 | D:1      | Ghostmaker01 the Demonspawn Earth Elementalist began the
                  | quest for the Orb.
     0 | D:1      | Reached XP level 1. HP: 13/13 MP: 3/3
   216 | D:1      | Gained mutation: You are partially covered in sharp spines.
                  | [demonic ancestry]
   216 | D:1      | Reached XP level 2. HP: 15/19 MP: 1/5
   222 | D:1      | Found a faded altar of an unknown god.
   569 | D:2      | Identified the +1 robe of the Catfish {rN+ Will+ Int+3}
  1008 | D:2      | Gained mutation: You have large cloven feet. [demonic
                  | ancestry]
  1008 | D:2      | Reached XP level 3. HP: 24/24 MP: 0/6
  1577 | D:3      | Found a broken altar of Ashenzari.
  1580 | D:3      | Reached skill level 3 in Spellcasting
  1921 | D:3      | Gained mutation: You are mostly covered in sharp spines.
                  | [demonic ancestry]
  1921 | D:3      | Reached XP level 4. HP: 30/30 MP: 6/8
  2192 | D:4      | Found Wagoech's Overcharged Wands.
  2313 | D:4      | Gained mutation: You are partially covered in large bone
                  | plates. (SH +4) [demonic ancestry]
  2313 | D:4      | Reached XP level 5. HP: 35/35 MP: 8/10
  2382 | D:4      | Found a basalt altar of Yredelemnul.
  2516 | D:4      | Reached skill level 1 in Staves
  2637 | D:4      | Found a blossoming altar of Fedhas.
  2639 | D:4      | Noticed Grinder
  2786 | D:4      | Noticed Menkaure
  2799 | D:4      | Killed Menkaure
  2800 | D:4      | Reached skill level 4 in Spellcasting
  2800 | D:4      | Gained mutation: You have hoof-like feet. [demonic
                  | ancestry]
  2800 | D:4      | Reached XP level 6. HP: 38/42 MP: 7/12
  2842 | D:4      | Found a staircase to the Ecumenical Temple.
  2842 | D:4      | Noticed Pikel
  2852 | D:4      | HP: 2/42 [Pikel/puff of flame (8)]
  3003 | D:4      | Killed Pikel
  3004 | D:4      | Reached skill level 1 in Fighting
  3004 | D:4      | Reached skill level 1 in Shields
  3004 | D:4      | Reached skill level 5 in Spellcasting
  3004 | D:4      | Gained mutation: You have hooves in place of feet. [demonic
                  | ancestry]
  3004 | D:4      | Reached XP level 7. HP: 5/48 MP: 6/14
  3174 | Temple   | Entered the Ecumenical Temple
  3435 | Temple   | Became a worshipper of Ru the Awakened
  3619 | D:5      | Entered Level 5 of the Dungeon
  3625 | D:5      | Reached skill level 5 in Earth Magic
  3739 | D:5      | Gained mutation: You are mostly covered in large bone
                  | plates. (SH +6) [demonic ancestry]
  3739 | D:5      | Reached XP level 8. HP: 54/54 MP: 11/16
  3871 | D:5      | Found an ancient bone altar of Kikubaaqudgha.
  4107 | D:5      | Learned a level 3 spell: Stone Arrow
  4150 | D:5      | Reached skill level 1 in Transmutations
  4226 | D:5      | Reached skill level 6 in Spellcasting
  4492 | D:6      | Noticed Edmund
  4496 | D:6      | Killed Edmund
  4892 | D:6      | Reached skill level 1 in Evocations
  5071 | D:6      | Gained mutation: You cannot train Armour skill. [Ru
                  | sacrifice]
  5071 | D:6      | Reached * piety under Ru
  5351 | D:6      | Reached skill level 1 in Conjurations
  5354 | D:6      | Reached XP level 9. HP: 59/59 MP: 14/19
  6408 | D:7      | Noticed a troll
  6433 | D:7      | Reached skill level 7 in Spellcasting
  6468 | D:7      | Killed a troll
  6999 | D:8      | Reached XP level 10. HP: 63/65 MP: 15/21
  7246 | D:8      | Reached skill level 5 in Staves
  7429 | D:8      | Found a bloodstained altar of Trog.
  7548 | D:8      | Noticed a wizard
  7550 | D:8      | Killed a wizard
  7721 | D:8      | Gained mutation: You are hated by all. [Ru sacrifice]
  7721 | D:8      | Reached ** piety under Ru
  7721 | D:8      | Reached *** piety under Ru
  7921 | D:8      | Noticed Joseph
  7923 | D:8      | Reached skill level 8 in Spellcasting
  7926 | D:8      | Killed Joseph
  8024 | D:8      | Noticed a deep troll
  8024 | D:8      | Noticed a deep troll
  8027 | D:8      | Noticed a deep troll
  8071 | D:8      | Slain by a deep troll

Illustrated notes

Levels and vault maps discovered:
D:1:      matt_arrival_grand_opening, layout_rooms,
          ebering_ecumenical_altar_hall
D:2:      layout_loops_ring
D:3:      layout_loops_cross, ashenzari_altar_1
D:4:      layout_loops_ring, elyvilon_altar_4,
          yredelemnul_forgotten_temple_becter, nicolae_overflow_hidden_temple,
          minmay_temple_entry_hall, nicolae_shop_overcharged_wands,
          uniq_grinder, uniq_menkaure, uniq_pikel
D:5:      layout_loops_cross, kiku_gazebo_pond_becter, grunt_decor_resistance
D:6:      layout_cave_pools, palyth_stone_intersect, uniq_edmund
D:7:      minmay_chambers_of_sixes, layout_basic
D:8:      layout_loops_corners, trog_wizard, slow_altar_2,
          hellmonk_guarded_unrand_vitality_bloodlust, uniq_joseph
Temple:   bh_familiar_temple

Skill      XL: |  1  2  3  4  5  6  7  8  9 10 |
---------------+-------------------------------+-----
Stealth        | 2 3 |  3.2
Earth Magic    | 3 4 5 6 7 |  7.5
Spellcasting   | 3 4 5 6 7 8 |  8.1
Dodging        | 2 3 4 |  4.0
Staves         | 1 2 3 4 5 |  5.1
Fighting       | 1 |  1.1
Shields        | 1 2 |  2.1
Transmutations | 1 3 |  3.6
Evocations     | 1 3 |  3.2
Conjurations   | 1 2 3 |  3.0

Action                     |  1- 3 |  4- 6 |  7- 9 | 10-12 || total
---------------------------+-------+-------+-------+-------++-------
  Melee: Unarmed           |    18 |       |       |       ||    18
         Dagger            |     2 |       |       |       ||     2
         Staff             |     1 |    18 |    28 |     4 ||    51
         Kick              |     1 |     5 |    12 |     1 ||    19
   Cast: Sandblast         |    59 |    33 |    26 |     6 ||   124
         Stone Arrow       |       |       |    92 |    36 ||   128
 Invoke: Sacrifice Durabil |       |       |     1 |       ||     1
         Sacrifice Love    |       |       |       |     1 ||     1
    Use: Scroll            |     8 |     5 |     2 |     4 ||    19
         Potion            |       |     1 |     2 |       ||     3
 Armour: Robe              |    10 |     3 |     2 |     2 ||    17
  Dodge: Dodged            |    30 |    13 |    17 |     4 ||    64
  Block: Kite shield       |     5 |       |       |       ||     5
         Buckler           |       |    14 |    36 |     4 ||    54

Table legend: (Time is in decaauts)
 A = Elapsed time spent in this place.
 B = Non-inter-level travel time spent in this place.
 C = Inter-level travel time spent in this place.
 D = Time resting spent in this place.
 E = Time spent auto-exploring this place.
 F = Levels seen in this place.
 G = Mean time per level.
                   A        B        C        D        E       F      G
               +--------+--------+--------+--------+--------+-----+--------+
         Total |   8136 |   7882 |    254 |    399 |   6143 |   9 |  904.0 |
       Dungeon |   7864 |   7658 |    206 |    399 |   5983 |   8 |  983.0 |
        Temple |    271 |    223 |     48 |      0 |    160 |   1 |  271.0 |
               +--------+--------+--------+--------+--------+-----+--------+

Top non-repeatable levels by time:
     D:7: 1465 daAuts
     D:4: 1177 daAuts
     D:6: 1090 daAuts
     D:8: 1086 daAuts
     D:3: 847 daAuts
     D:2: 835 daAuts
     D:5: 826 daAuts
     D:1: 535 daAuts
  Temple: 271 daAuts
